 Dungeon Crawl Stone Soup version 0.19.0-24-gb05acd6 (webtiles) character file.

2843 Millan the Blocker (level 10, -1/71 HPs)
             Began as a Formicid Fighter on Nov 20, 2016.
             Was an Initiate of Ashenzari.
             Slain by a death yak (18 damage)
             ... on level 7 of the Dungeon.
             The game lasted 00:22:26 (8811 turns).

Millan the Blocker (Formicid Fighter)               Turns: 8811, Time: 00:22:26

Health: -1/71      AC: 14    Str: 29    XL:     10   Next: 3%
Magic:  10/10      EV:  8    Int: 10    God:    Ashenzari [......]
Gold:   279        SH: 12    Dex: 10    Spells: 0 memorised, 9 levels left

rFire  + . .     SeeInvis +     a - +0 trident
rCold  . . .     Gourm    .     z - +0 chain mail
rNeg   . . .     Faith    .     c - +0 shield (curse)
rPois  .         Spirit   .     (helmet unavailable)
rElec  .         Reflect  .     F - +0 cloak
rCorr  +         Harm     .     (no gloves)
MR     +....                    v - +0 pair of boots (curse)
Stlth  ..........               (no amulet)
                                (no ring)
                                I - ring of resist corrosion

@: mighty, very slightly contaminated, invisible
A: permanent stasis, dig shafts and tunnels, four strong arms, antennae 3,
clever 1, fire resistance 1, frail 1, mutation resistance 1, shaggy fur 1, wild
magic 2
a: Dig, Shaft Self, Curse Item, Renounce Religion


You were on level 7 of the Dungeon.
You worshipped Ashenzari.
Ashenzari was noncommittal.
You were near starving.

You visited 2 branches of the dungeon, and saw 9 of its levels.

You collected 398 gold pieces.
You spent 119 gold pieces at shops.

Inventory:

Hand Weapons
 a - a +0 trident (weapon)
Armour
 c - a cursed +0 shield (worn)
 v - a cursed +0 pair of boots (worn)
 z - a +0 chain mail (worn)
 F - a +0 cloak (worn)
Jewellery
 I - a ring of resist corrosion (left hand)
Wands
 q - a wand of lightning (7/15)
 u - a wand of iceblast (9/15)
Scrolls
 b - 4 scrolls of identify {unknown}
 e - a scroll of fear {unknown}
 h - a scroll of summoning {unknown}
 i - 5 scrolls of amnesia {unknown}
 j - 2 scrolls of enchant armour {unknown}
 k - 2 scrolls of recharging {unknown}
 l - 3 scrolls of fog {unknown}
 m - 2 scrolls of immolation {unknown}
 w - 4 scrolls of magic mapping {unknown}
 x - a scroll of random uselessness {unknown}
 D - 2 scrolls of enchant weapon {unknown}
 E - 2 scrolls of blinking {unknown}
 G - a scroll of teleportation {unknown}
 J - a scroll of noise {unknown}
Potions
 d - 2 potions of might
 o - a potion of lignification {unknown}
 p - a potion of curing {unknown}
 s - a potion of haste {unknown}
 t - 2 potions of brilliance {unknown}
 A - a potion of heal wounds
 B - a potion of resistance {unknown}
 C - a potion of ambrosia {unknown}
 H - 2 potions of invisibility
 K - a potion of beneficial mutation {unknown}
Books
 y - a book of Minor Magic

   Spells                             Type                      Level
   a - Magic Dart                     Conjuration                  1
   b - Blink                          Translocation                2
   c - Call Imp                       Summoning                    2
   d - Repel Missiles                 Charms/Air                   2
   e - Slow                           Hexes                        2
   f - Conjure Flame                  Conjuration/Fire             3
   g - Mephitic Cloud                 Conjuration/Poison/Air       3
Comestibles
 f - 6 bread rations
 g - 8 meat rations
 n - 4 beef jerkies
 r - 5 fruits


   Skills:
 + Level 7.3 Fighting
 * Level 6.5 Polearms
 + Level 7.4 Armour
 - Level 10.0 Shields


You had 9 spell levels left.
You didn't know any spells.

Dungeon Overview and Level Annotations

Branches:
Dungeon (8/15)             Temple (1/1) D:5            Lair (0/6) D:8

Altars:
Ashenzari
Cheibriados
Dithmenos
Elyvilon
Fedhas
Gozag
Hepliaklqana
Kikubaaqudgha
Makhleb
Nemelex Xobeh
Okawaru
Qazlal
Ru
Trog
Uskayaw
Vehumet
Xom
Yredelemnul

Shops:
D:6 !


Innate Abilities, Weirdness & Mutations

You are under a permanent stasis effect.
You can dig through walls and to a lower floor.
Your four strong arms can wield two-handed weapons with a shield.
You have a pair of large antennae on your head. (SInv)
Your mind is acute. (Int +2)
Your flesh is heat resistant. (rF+)
You are frail. (-10% HP)
You are somewhat resistant to further mutation.
You are covered in fur. (AC +1)
Your spells are harder to cast, but more powerful.


Message History

The death yak gores you!
You hit the death yak but do no damage.
The death yak is lightly wounded.
The death yak gores you!!
* * * LOW HITPOINT WARNING * * *
You are too injured to fight recklessly!
There is a stone staircase leading up here.
The death yak completely misses you.
You climb upwards.
There is a stone staircase leading down here.
It was a potion of invisibility.
You fade into invisibility!
You are very lightly contaminated with residual magic.
The death yak bellows!
The death yak snorts and paws the ground.
It was a potion of heal wounds.
You feel much better. The death yak gores you!
* * * LOW HITPOINT WARNING * * *
You feel very mighty all of a sudden. The death yak gores you!!
You die...

###.......####..(.........
#.......................
#.........#..........≈..
####..#'#.##.....#...(.#
##.+_+.##..#.###≈..##
#.#'####..#≈##≈...##
#.....##......^.(..≈
##Y##.##........_...
#.@..##.....≈......
###..##))(≈...≈.≈.#
#...#.().##...≈#.
##..#.(..##≈....#
##............≈.
#..............
####.(...<.....
##.......... ##..........


You could see a death yak.

Vanquished Creatures
  The ghost of grok76 the Thaumaturge, a novice DEWz of Sif Muna (D:7)
  2 hungry ghosts
  A sky beast (D:5)
  3 phantoms
  4 centaurs
  2 ogres
  A big kobold (D:7)
  5 bullfrogs
  2 water moccasin skeletons (D:8)
  A scorpion (D:4)
  A howler monkey (D:6)
  4 crimson imps
  A bullfrog zombie (D:8)
  A centaur skeleton (D:4)
  A hound (D:6)
  An iron imp (D:5)
  3 orc wizards
  Jessica (D:1)
  A bullfrog skeleton (D:5)
  2 iguanas
  2 hell rats (D:7)
  6 worker ants
  Robin (D:2)
  4 river rats (D:7)
  8 adders
  A shadow imp (D:8)
  An ooze (D:2)
  2 adder skeletons
  An adder zombie (D:8)
  5 worms
  5 dart slugs
  A leopard gecko (D:2)
  20 orcs
  A ball python (D:1)
  9 bats
  6 giant cockroaches
  11 goblins
  9 hobgoblins
  8 jackals
  3 quokkas
  6 frilled lizards
  A jackal skeleton (D:5)
  17 kobolds
  A leopard gecko zombie (D:6)
  A quokka skeleton (D:3)
  36 rats
204 creatures vanquished.

Notes
Turn   | Place    | Note
-------+----------+-------------------------------------------
     0 | D:1      | Millan the Formicid Fighter began the quest for the Orb.
     0 | D:1      | Reached XP level 1. HP: 18/18 MP: 1/1
   102 | D:1      | Reached XP level 2. HP: 23/24 MP: 2/2
   834 | D:2      | Noticed Jessica
   842 | D:1      | Killed Jessica
   842 | D:1      | Reached skill level 4 in Shields
   842 | D:1      | Reached XP level 3. HP: 28/30 MP: 3/3
   914 | D:2      | Noticed Robin
   921 | D:2      | Killed Robin
   921 | D:2      | Reached XP level 4. HP: 15/37 MP: 4/4
  1550 | D:2      | Found a sparkling altar of Nemelex Xobeh.
  1622 | D:2      | Reached XP level 5. HP: 40/42 MP: 5/5
  1749 | D:2      | Found a shadowy altar of Dithmenos.
  1884 | D:2      | Reached skill level 5 in Shields
  2597 | D:3      | Reached XP level 6. HP: 49/49 MP: 6/6
  3416 | D:4      | Noticed a phantom
  3434 | D:4      | Killed a phantom
  3462 | D:4      | Reached skill level 6 in Shields
  3462 | D:4      | Reached XP level 7. HP: 36/55 MP: 7/7
  4004 | D:4      | Found a sparkling altar of Nemelex Xobeh.
  4173 | D:4      | Reached skill level 5 in Armour
  4296 | D:5      | Entered Level 5 of the Dungeon
  4311 | D:5      | Reached skill level 5 in Fighting
  4622 | D:5      | Gained mutation: Your system is resistant to poisons. (rPois) [mutagenic meat]
  4623 | D:5      | Gained mutation: You are frail. (-10% HP) [mutagenic meat]
  4624 | D:5      | Gained mutation: Your mind is acute. (Int +2) [mutagenic meat]
  4626 | D:5      | Gained mutation: You are covered in fur. (AC +1) [mutagenic meat]
  4627 | D:5      | Gained mutation: Your spells are a little harder to cast, but a little more powerful. [mutagenic meat]
  5170 | D:5      | Reached skill level 7 in Shields
  5170 | D:5      | Reached XP level 8. HP: 55/55 MP: 8/8
  5284 | D:5      | Found a staircase to the Ecumenical Temple.
  5383 | Temple   | Entered the Ecumenical Temple
  5420 | Temple   | Became a worshipper of Ashenzari the Shackled
  5640 | D:5      | Found a burning altar of Makhleb.
  6397 | D:6      | Reached skill level 8 in Shields
  6591 | D:6      | Found Nietareg's Distillery.
  6599 | D:6      | Bought a potion of mutation for 35 gold pieces
  6599 | D:6      | Bought a potion of mutation for 35 gold pieces
  6599 | D:6      | Bought a potion of mutation for 35 gold pieces
  6599 | D:6      | Bought a potion of degeneration for 14 gold pieces
  6604 | D:6      | Gained mutation: Your spells are harder to cast, but more powerful. [potion of mutation]
  6604 | D:6      | Gained mutation: Your flesh is heat resistant. (rF+) [potion of mutation]
  6604 | D:6      | Gained mutation: You are somewhat resistant to further mutation. [potion of mutation]
  6606 | D:6      | Lost mutation: Your system is resistant to poisons. (rPois) [potion of mutation]
  6651 | D:6      | Reached XP level 9. HP: 62/62 MP: 9/9
  6684 | D:6      | Found a faded altar of an unknown god.
  6684 | D:6      | Found a white marble altar of Elyvilon.
  6689 | D:6      | Found a faded altar of an unknown god.
  6691 | D:6      | Found a sacrificial altar of Ru.
  6692 | D:6      | Found a bloodstained altar of Trog.
  6747 | D:7      | Found a stormy altar of Qazlal.
  6747 | D:7      | Noticed grok76's ghost (novice DEWz)
  6851 | D:7      | Reached skill level 5 in Polearms
  7086 | D:7      | Reached skill level 9 in Shields
  7746 | D:7      | Paralysed by fainting for 5 turns
  8221 | D:7      | Found an iron altar of Okawaru.
  8251 | D:7      | Killed grok76's ghost
  8401 | D:7      | Reached skill level 10 in Shields
  8640 | D:8      | Reached XP level 10. HP: 61/71 MP: 10/10
  8761 | D:8      | Found a staircase to the Lair.
  8762 | D:8      | Noticed a death yak
  8762 | D:8      | Noticed an elephant
  8811 | D:7      | Slain by a death yak

Skill      XL: |  1  2  3  4  5  6  7  8  9 |
---------------+----------------------------+-----
Shields        | 4 5 6 7 8 10 | 10.0
Armour         | 4 5 6 7 |  7.4
Fighting       | 4 5 6 7 |  7.3
Polearms       | 3 4 6 |  6.5

Action                   |  1- 3 |  4- 6 |  7- 9 | 10-12 || total
-------------------------+-------+-------+-------+-------++-------
Melee: Trident           |    62 |   337 |   662 |    28 ||  1089
Invok: Curse Item        |       |       |     2 |       ||     2
 Abil: Dig               |       |       |     4 |       ||     4
  Use: Potion            |       |       |     4 |     3 ||     7
  Eat: Chunk             |       |     9 |    21 |       ||    30
       Fruit             |       |       |     2 |       ||     2
       Meat ration       |       |       |     1 |       ||     1
       Pizza             |       |       |     1 |       ||     1
Armor: Scale mail        |    19 |    82 |       |       ||   101
       Chain mail        |       |    25 |   237 |     3 ||   265
Dodge: Dodged            |    12 |    74 |   147 |     6 ||   239
Block: Shield            |    22 |   126 |   342 |     9 ||   499
